 Dungeon Crawl Stone Soup version 0.18-a0-1292-ge8ad84c (webtiles) character file.

10490 George the Carver (level 11, 0/101 HPs)
             Began as a Minotaur Fighter on Feb 9, 2016.
             Was an Elder of Okawaru.
             Slain by a yak (8 damage)
             ... on level 11 of the Dungeon.
             The game lasted 00:18:38 (10186 turns).

George the Carver (Minotaur Fighter)               Turns: 10186, Time: 00:18:38

Health: 0/101      AC: 18    Str: 23    XL:     11   Next: 36%
Magic:  15/15      EV:  8    Int:  5    God:    Okawaru [****..]
Gold:   757        SH: 12    Dex: 11    Spells: 0 memorised, 10 levels left

rFire  + . .     SeeInvis +     J - +2 long sword (slice)
rCold  . . .     Gourm    .     B - +0 plate armour
rNeg   . . .     Faith    .     c - +1 shield
rPois  .         Spirit   .     (helmet restricted)
rElec  .         Dismiss  .     (no cloak)
rCorr  .         Reflect  .     t - +0 pair of gloves
SustAt .         Harm     .     (no boots)
MR     .....                    I - amulet of magic regeneration
Stlth  ..........               U - ring of protection from fire
                                T - ring of see invisible

@: about to teleport, heroism, manticore barbs, not resistant to hostile
enchantments, extremely unstealthy
A: retaliatory headbutt, horns 2
a: Heroism, Renounce Religion


You were on level 11 of the Dungeon.
You worshipped Okawaru.
Okawaru was greatly pleased with you.
You were not hungry.

You visited 2 branches of the dungeon, and saw 12 of its levels.

You collected 757 gold pieces.

Inventory:

Hand Weapons
 D - a +0 rapier
 J - a +2 long sword of slicing (weapon)
Armour
 c - a +1 shield (worn)
 t - a +0 pair of gloves (worn)
 B - a +0 plate armour (worn)
Rods
 G - a +0 rod of inaccuracy (10/10)
   (You found it on level 4 of the Dungeon)
Jewellery
 I - an amulet of magic regeneration (around neck)
 T - a ring of see invisible (left hand)
 U - a ring of protection from fire (right hand)
Wands
 r - a wand of slowing (32/48)
 L - a wand of slowing (14/48)
 N - a wand of slowing (22/48)
 W - a wand of flame (36/48)
 X - a wand of flame (9/48)
Scrolls
 i - 7 scrolls of remove curse
 j - 2 scrolls of enchant weapon
 q - 5 scrolls of teleportation
 y - 9 scrolls of identify
 P - 2 scrolls of fog
 R - a scroll of magic mapping
 S - a scroll of fear
 Z - a scroll of recharging
Potions
 d - 2 potions of might
 g - 4 potions of lignification
 k - 3 potions of heal wounds
 u - 10 potions of curing
 x - a potion of cure mutation
 A - a potion of agility
 C - a potion of flight
Comestibles
 f - 6 bread rations
 h - 3 beef jerkies
 o - a royal jelly
 E - 2 meat rations
 Q - a slice of pizza
 V - 24 fruits


   Skills:
 + Level 10.6(15.6) Fighting
 + Level 13.6(18.6) Long Blades
 + Level 10.6(15.6) Armour
 - Level 3.6(8.6) Shields
 + Level 6.8 Invocations


You had 10 spell levels left.
You didn't know any spells.

Dungeon Overview and Level Annotations

Branches:
Dungeon (11/15)            Temple (1/1) D:7
   Lair: D:8-11         Orc: D:9-12

Altars:
Ashenzari
Cheibriados
Dithmenos
Elyvilon
Fedhas
Gozag
Kikubaaqudgha
Makhleb
Nemelex Xobeh
Okawaru
Pakellas
Qazlal
Ru
Sif Muna
Trog
Vehumet
Xom
Yredelemnul
Zin
The Shining One

Shops:
D:7 (


Innate Abilities, Weirdness & Mutations

You reflexively headbutt those who attack you in melee.
You have a pair of horns on your head.


Message History

The yak is severely wounded.
The yak gores you but does no damage.
You hit the yak. You headbutt the yak!
You kill the yak!
Okawaru accepts your kill.
You feel sick.
You are no longer poisoned.
The yak gores you.
* * * LOW HITPOINT WARNING * * *
You slash the yak!
The yak is heavily wounded.
The yak barely misses you.
A manticore comes into view.
Read which item? (? for menu, Esc to quit)
As you read the scroll of teleportation, it crumbles to dust.
You feel strangely unstable. You block the yak's attack.
You slash the yak!
The yak is almost dead.
The yak gores you!
You die...

#........|#.###.# ..
#.........#.# #.# ...
#.........#.###.###.
....#.........#.........
....#.........#..##.##..
.................##.#
#..............##.##..
.##...Y.................
......†@........######..
....#.†..######.........
.............:#.######.#
......##......#.######.#
......##......#........#
..H...........#..#######
....#....#....#..#
....#............#
#......##....#


You could see a manticore and a yak.

Vanquished Creatures
  Maud (D:10)
  3 hill giants (D:11)
  A manticore (D:11)
  A centaur zombie (D:10)
  Grinder (D:6)
  A slime creature (D:11)
  A two-headed ogre (D:10)
  2 wyverns
  5 yaks
  2 humans (D:8)
  A hippogriff (D:10)
  Edmund (D:5)
  A water moccasin (D:9)
  Duvessa (D:6)
  An orc warrior (D:9)
  An eye of draining (D:11)
  4 ice beasts
  2 sky beasts
  The ghost of George the Slasher, an amateur MiFi (D:3)
  A black bear (D:9)
  A necrophage (D:7)
  2 ogres
  A phantom (D:10)
  4 centaurs
  3 big kobolds
  Blork the orc (D:5)
  2 giant frogs
  Dowan (D:6)
  5 scorpions
  A water moccasin skeleton (D:4)
  9 killer bees
  9 wights
  A crimson imp (D:9)
  2 centaur skeletons
  2 giant frog zombies
  6 hounds
  A giant frog skeleton (D:6)
  2 jellies
  2 orc priests
  A gnoll shaman (D:6)
  7 orc wizards
  Jessica (D:2)
  4 iguanas
  10 worker ants
  2 killer bee zombies
  A hound skeleton (D:5)
  A worker ant zombie (D:6)
  11 adders
  10 gnolls
  3 shadow imps
  3 oozes
  An adder zombie (D:9)
  2 worms (D:3)
  8 giant geckos
  21 orcs
  10 bats
  4 giant cockroaches
  31 hobgoblins
  10 jackals
  4 quokkas
  5 ball pythons
  A giant cockroach zombie (D:6)
  A giant gecko zombie (D:10)
  3 giant newts
  36 goblins
  11 kobolds
  7 rats
296 creatures vanquished.

Notes
Turn   | Place    | Note
--------------------------------------------------------------
     0 | D:1      | George the Minotaur Fighter began the quest for the Orb.
     0 | D:1      | Reached XP level 1. HP: 19/19 MP: 0/0
   207 | D:1      | Reached XP level 2. HP: 26/26 MP: 1/1
   513 | D:1      | Reached skill level 4 in Long Blades
   769 | D:2      | Reached XP level 3. HP: 28/31 MP: 2/2
  1032 | D:2      | Found an ancient bone altar of Kikubaaqudgha.
  1033 | D:2      | Found a burning altar of Makhleb.
  1034 | D:2      | Found a shattered altar of Ashenzari.
  1046 | D:2      | Reached skill level 5 in Long Blades
  1074 | D:2      | Found a shadowy altar of Dithmenos.
  1199 | D:2      | Noticed Jessica
  1206 | D:2      | Reached XP level 4. HP: 32/39 MP: 3/3
  1210 | D:2      | Killed Jessica
  1503 | D:2      | Reached skill level 6 in Long Blades
  1571 | D:3      | Noticed George's ghost (amateur MiFi)
  1602 | D:3      | Killed George's ghost
  1602 | D:3      | Reached skill level 7 in Long Blades
  1602 | D:3      | Reached XP level 5. HP: 24/45 MP: 4/4
  1861 | D:3      | Reached XP level 6. HP: 51/51 MP: 5/5
  1877 | D:3      | Found a glowing silver altar of Zin.
  2041 | D:3      | Found a blossoming altar of Fedhas.
  2750 | D:4      | Reached skill level 8 in Long Blades
  2950 | D:4      | Found a shattered altar of Ashenzari.
  3209 | D:4      | Reached skill level 9 in Long Blades
  3455 | D:4      | Reached XP level 7. HP: 52/57 MP: 6/6
  3528 | D:4      | Identified a +0 rod of inaccuracy (10/10) (You found it on level 4 of the Dungeon)
  3663 | D:4      | Reached skill level 10 in Long Blades
  4079 | D:5      | Entered Level 5 of the Dungeon
  4079 | D:5      | Found a deep blue altar of Sif Muna.
  4337 | D:5      | Reached XP level 8. HP: 67/67 MP: 7/7
  4369 | D:5      | Found a glowing golden altar of the Shining One.
  4449 | D:5      | Noticed Blork the orc
  4458 | D:5      | Killed Blork the orc
  4625 | D:5      | Noticed Edmund
  4632 | D:5      | Killed Edmund
  4632 | D:5      | Reached skill level 5 in Fighting
  4632 | D:5      | Reached skill level 5 in Armour
  4733 | D:6      | Noticed Duvessa
  4733 | D:6      | Noticed Dowan
  4817 | D:6      | Killed Duvessa
  4817 | D:6      | Reached skill level 11 in Long Blades
  4820 | D:6      | Killed Dowan
  4901 | D:6      | Noticed Grinder
  4907 | D:6      | Paralysed by Grinder for 6 turns
  4927 | D:6      | Killed Grinder
  4981 | D:6      | Found a shimmering altar of Xom.
  4981 | D:6      | Found a bloodstained altar of Trog.
  5158 | D:6      | Found a sacrificial altar of Ru.
  5554 | D:6      | Reached XP level 9. HP: 71/78 MP: 8/8
  5731 | D:7      | Found Faaloc's Weapon Shoppe.
  5823 | D:7      | Found a staircase to the Ecumenical Temple.
  5869 | Temple   | Entered the Ecumenical Temple
  6228 | D:7      | Found an opulent altar of Gozag.
  6396 | D:8      | Reached skill level 12 in Long Blades
  7131 | D:8      | Found an iron altar of Okawaru.
  7181 | D:8      | Became a worshipper of Warmaster Okawaru
  7342 | D:8      | Reached skill level 1 in Invocations
  8042 | D:9      | Reached XP level 10. HP: 86/90 MP: 11/11
  8084 | D:9      | Found a snail-covered altar of Cheibriados.
  8109 | D:9      | Reached * piety under Okawaru
  8636 | D:10     | Entered Level 10 of the Dungeon
  8894 | D:10     | Reached skill level 5 in Invocations
  8896 | D:10     | Reached ** piety under Okawaru
  9105 | D:10     | Reached skill level 13 in Long Blades
  9143 | D:10     | Noticed Maud
  9158 | D:10     | Killed Maud
  9158 | D:10     | Reached *** piety under Okawaru
  9158 | D:10     | Reached skill level 10 in Fighting
  9158 | D:10     | Reached skill level 10 in Armour
  9553 | D:10     | Reached XP level 11. HP: 99/99 MP: 14/14
  9778 | D:11     | Noticed a hill giant
  9875 | D:11     | Killed a hill giant
  9895 | D:11     | Noticed a hill giant
  9907 | D:11     | Killed a hill giant
 10114 | D:11     | Reached **** piety under Okawaru
 10146 | D:11     | Noticed a hill giant
 10158 | D:11     | Killed a hill giant
 10186 | D:11     | Slain by a yak

Vault maps used:
D:1:      erik_arrival_blinker_ship, kennysheep_flooded_box
D:2:      grunt_dithmenos_smoke_and_mirrors, lemuel_crystal_altar,
          gammafunk_temple_overflow_wave, first_bread, eino_tiny_chamber,
          kennysheep_boxes, uniq_jessica
D:3:      fedhas_altar_4, zin_treasury
D:4:      minmay_goblin_kobold_castle, cheibrodos_ashenzari_chains
D:5:      nicolae_tso_carved_into_rock, basic_altar, small_statue_intersection,
          uniq_edmund, uniq_blork_the_orc
D:6:      gammafunk_temple_overflow_elements, lemuel_crystal_altar,
          minivault_10, uniq_grinder, uniq_duvessa
D:7:      old_standard_altar, minmay_temple_entry_junction2, serial_shops,
          nicolae_shop_window_shopping
D:8:      okawaru_humans, minmay_liquid_box, blue_anna_alchemist
D:9:      lemuel_doored_altar
D:10:     uniq_maud
D:11:     minmay_cut_squares, david_lair_generic,
          gammafunk_pakellas_cloud_experiment, uniq_nergalle
Temple:   chequers_temple_sunken_temple

Action                   |  1- 3 |  4- 6 |  7- 9 | 10-12 || total
-------------------------+-------+-------+-------+-------++-------
Melee: Long sword        |   107 |   163 |   455 |   224 ||   949
Invok: Heroism           |       |       |       |     2 ||     2
Evoke: Wand              |       |       |     2 |     2 ||     4
  Use: Scroll            |     5 |     3 |    10 |     3 ||    21
       Potion            |       |       |       |     1 ||     1
  Eat: Chunk             |     1 |     7 |    16 |     7 ||    31
